 Dungeon Crawl Stone Soup version 0.22.1-2-g9c5b331383 (webtiles) character file.

51 Marnok the Ruffian (level 3, -1/33 HPs)
             Began as a Ghoul Chaos Knight on Nov 24, 2018.
             Slain by a hobgoblin
             ... wielding a +0 club
              (3 damage)
             ... on level 3 of the Dungeon.
             The game lasted 00:10:53 (2555 turns).

Marnok the Ruffian (Ghoul Chaos Knight)             Turns: 2555, Time: 00:10:54

Health: -1/33      AC:  5    Str: 15    XL:     3   Next: 81%
Magic:  0/2        EV: 11    Int:  9    God:    Xom [......]
Gold:   91         SH:  0    Dex:  9    Spells: 2/2 levels left

rFire    . . .     SeeInvis .   j - -1 war axe (curse)
rCold    + . .     Gourm    .   (no shield)
rNeg     + + +     Faith    .   a - +2 leather armour
rPois    ∞         Spirit   +   (no helmet)
rElec    .         Reflect  .   (no cloak)
rCorr    .         Harm     .   (no gloves)
MR       .....                  (no boots)
Stlth    +.........             h - amulet of guardian spirit (curse)
HPRegen  0.00/turn              c - +2 ring of intelligence
MPRegen  0.08/turn              (no ring)

@: rotting
A: rotting body, claws 1, carnivore, cold resistance 1, negative energy
resistance 3, inhibited regeneration, torment resistance, unbreathing
a: Renounce Religion


You were on level 3 of the Dungeon.
You worshipped Xom.
You were a very special plaything of Xom.
You were not hungry.

You visited 1 branch of the dungeon, and saw 3 of its levels.

You collected 91 gold pieces.

Inventory:

Hand Weapons
 e - a -1 whip
 j - a cursed -1 war axe (weapon)
Missiles
 i - 16 poisoned needles
Armour
 a - a +2 leather armour (worn)
 g - a +0 robe
Jewellery
 c - a +2 ring of intelligence (left claw)
 h - a cursed amulet of guardian spirit (around neck)
Potions
 d - 2 potions of berserk rage
Comestibles
 b - 3 rations


   Skills:
 + Level 3.7 Fighting
 + Level 0.1 Axes
 + Level 0.2 Maces & Flails
 + Level 2.1 Armour
 + Level 1.1 Dodging
 + Level 0.2 Stealth
 + Level 4.3 Unarmed Combat


You had 2 spell levels left.
You didn't know any spells.
Your spell library was empty.

Dungeon Overview and Level Annotations

Branches:
Dungeon (3/15)

Altars:
Xom

Annotations:
D:3 Sigmund


Innate Abilities, Weirdness & Mutations

Your body is rotting away.
You thrive on raw meat.
You are immune to poison.
You have sharp fingernails.
You are carnivorous and can eat meat at any time.
Your flesh is cold resistant. (rC+)
You are immune to negative energy. (rN+++)
You do not regenerate when monsters are visible.
You are immune to unholy pain and torment.
You can survive without breathing.


Message History

You climb downwards.
Level annotation: Sigmund
There is a stone staircase leading up here.
You hit the hobgoblin but do no damage. You hit the gnoll.
The gnoll barely misses you.
The hobgoblin hits you but does no damage.
The gnoll hits you with a spear. The hobgoblin misses you.
The gnoll hits you from afar with a spear.
* * * LOW HITPOINT WARNING * * *
You barely miss the hobgoblin. The hobgoblin misses you.
The gnoll hits you from afar with a spear.
* * * LOW HITPOINT WARNING * * *
You hit the hobgoblin but do no damage. The hobgoblin barely misses you.
The gnoll misses you.
The gnoll hits you from afar with a spear.
* * * LOW HITPOINT WARNING * * *
The hobgoblin hits you with a club.
You die...
Xom guffaws!

########## ........##
#....... #......#
###+##......#
#...........#
#......##'#.#
#.[....##.#.#
+...(..'..#@# ..
#......####g#####...
#......# #gs.......
#......#####........
#.#####.............
#...................
#.................##
................[....#
##.##................#


You could see Sigmund the scorpion, a gnoll and a hobgoblin.

Vanquished Creatures
  2 dart slugs (D:1)
  A leopard gecko (D:2)
  A ball python (D:1)
  8 bats
  3 giant cockroaches
  4 goblins
  5 hobgoblins
  3 jackals (D:1)
  8 kobolds
  6 rats
41 creatures vanquished.

Vanquished Creatures (others)
  A fire vortex (D:1)
1 creature vanquished.

Grand Total: 42 creatures vanquished

Notes
Turn   | Place    | Note
-------+----------+-------------------------------------------
     0 | D:1      | Marnok the Ghoul Chaos Knight began the quest for the Orb.
     0 | D:1      | Reached XP level 1. HP: 19/19 MP: 0/0
    57 | D:1      | XOM: divination: detect items
   123 | D:1      | Reached XP level 2. HP: 25/26 MP: 1/1
   167 | D:1      | XOM: mild Fire miscast
   269 | D:1      | Reached skill level 1 in Dodging
   593 | D:1      | XOM: harmless Necr miscast
   616 | D:1      | Reached skill level 4 in Unarmed Combat
   794 | D:1      | XOM: harmless Fire miscast
   800 | D:1      | Reached XP level 3. HP: 26/30 MP: 2/2
   842 | D:1      | XOM: scenery: create altars
   989 | D:1      | XOM: god gift: 33 gold pieces
  1010 | D:1      | XOM: summons 1 hostile demon
  1020 | D:1      | HP: 1/31 [iron imp[Xom] (2)]
  1130 | D:1      | XOM: cloud trail
  1527 | D:1      | XOM: cloud trail
  1548 | D:1      | XOM: 1-stop teleportation journey
  2085 | D:2      | XOM: scenery: 1 doors open
  2088 | D:2      | XOM: divination: detect creatures
  2092 | D:2      | XOM: polymorph kobold -> hobgoblin
  2157 | D:2      | XOM: medium Conj miscast
  2163 | D:2      | XOM: blink monster(s)
  2201 | D:2      | HP: 1/33 [goblin/club (1)]
  2540 | D:3      | Noticed Sigmund
  2544 | D:3      | Noticed Sigmund
  2544 | D:3      | Sigmund changed into Sigmund the scorpion
  2544 | D:3      | XOM: polymorph Sigmund -> Sigmund the scorpion
  2548 | D:2      | XOM: smoke on damage
  2555 | D:3      | Slain by a hobgoblin

Skill      XL: |  1  2  3 |
---------------+----------+-----
Dodging        | 1 |  1.1
Unarmed Combat | 4 |  4.3
Armour         | 2 |  2.1
Fighting       | |  3.7
Axes           | |  0.1
Maces & Flails | |  0.2
Stealth        | |  0.2

Action                   || total
-------------------------++-------
Melee: Unarmed           ||    71
       Whip              ||    52
       War axe           ||    32
  Use: Potion            ||     3
       Scroll            ||     2
  Eat: Chunk             ||     8
       Ration            ||     1
Armor: Leather armour    ||    71
Dodge: Dodged            ||   136
